 Dungeon Crawl Stone Soup version 0.18-a0-1084-g259f6cf (webtiles) character file.

342 Reinor the Ruffian (level 6, -8/51 HPs)
             Began as a Ghoul Monk on Jan 15, 2016.
             Killed by divine providence
             ... invoked by an orc priest
              (13 damage)
             ... on level 4 of the Dungeon.
             The game lasted 00:10:45 (2861 turns).

Reinor the Ruffian (Ghoul Monk)                     Turns: 2861, Time: 00:10:45

Health: -8/51      AC:  6    Str: 15    XL:     6   Next: 57%
Magic:  14/14      EV: 13    Int:  5    God:
Gold:   204        SH:  0    Dex: 13    Spells: 0 memorised, 5 levels left

rFire  . . .     SeeInvis .     a - +2 short sword (venom)
rCold  + + .     Gourm    .     i - +1 ring mail
rNeg   + + +     Faith    .     (no shield)
rPois  ∞         Spirit   .     (no helmet)
rElec  .         Dismiss  .     (no cloak)
rCorr  .         Reflect  .     (no gloves)
SustAt .         Harm     .     (no boots)
MR     .....                    (no amulet)
Stlth  +.........               f - ring of protection from cold
                                k - ring of magical power

@: rotting, not resistant to hostile enchantments, very unstealthy
A: rotting body, claws 1, carnivore 3, cold resistance 1, negative energy
resistance 3, slow regeneration 1, torment resistance, unbreathing
a: no special abilities


You were on level 4 of the Dungeon.
You were not hungry.

You visited 1 branch of the dungeon, and saw 4 of its levels.

You collected 204 gold pieces.

Inventory:

Hand Weapons
 a - a +2 short sword of venom (weapon)
 l - a +3 dagger of distortion
Missiles
 j - 15 poisoned needles
 n - 4 tomahawks (quivered)
Armour
 i - a +1 ring mail (worn)
Jewellery
 f - a ring of protection from cold (right claw)
 h - an uncursed ring of teleportation
 k - a ring of magical power (left claw)
Scrolls
 c - a scroll of amnesia
 e - a scroll of remove curse
 o - 2 scrolls of teleportation
Potions
 m - a potion of brilliance {unknown}
 p - 3 potions of flight
 q - a potion of cure mutation {unknown}
 r - a potion of invisibility {unknown}
Comestibles
 b - 3 meat rations
 d - 9 chunks of flesh
 g - a slice of pizza


   Skills:
 - Level 3.2 Fighting
 + Level 5.5 Dodging
 - Level 2.1 Stealth
 - Level 6.0 Unarmed Combat


You had 5 spell levels left.
You didn't know any spells.

Dungeon Overview and Level Annotations

Branches:
Dungeon (4/15)
 Temple: D:4-7

Altars:
Cheibriados
Dithmenos
Elyvilon
Gozag
Kikubaaqudgha
Makhleb
Zin
The Shining One


Innate Abilities, Weirdness & Mutations

Your body is rotting away.
You thrive on raw meat.
You are immune to poison.
You have sharp fingernails.
You are carnivorous and can eat meat at any time.
Your flesh is cold resistant.
You are immune to negative energy.
You regenerate slowly when monsters are visible.
You are immune to unholy pain and torment.
You can survive without breathing.


Message History

The orc priest casts a cantrip, but nothing happens.
You hit the orc warrior but do no damage.
The orc warrior looks even sicker.
The orc warrior is lightly wounded.
The orc warrior picks up 2 blue potions.
The orc warrior closely misses you.
You hit the orc warrior but do no damage.
The orc warrior is lightly wounded.
The orc priest mumbles some strange prayers to Beogh against you.
Something smites you!
* * * LOW HITPOINT WARNING * * *
The orc priest looks braver for a moment.
The orc warrior hits you with a flail!
* * * LOW HITPOINT WARNING * * *
The orc priest looks braver for a moment.
The orc priest casts a cantrip, but nothing happens.
You kill the orc warrior!
The orc priest mumbles some strange prayers to Beogh against you.
Something smites you!
You die...

.. .. .#........... #[....#.#
........>.... ### ##.......#
##.(.......)).. #.. ..#..
..###...###......... # #.#
#.#.###.....### ####...... .##.#
#.#...........# ##....... ..#.#
#.............####...#....
....####.........................
....)....o..o...@........##.#....
....##...o...........#### #.#....
.#..##............)..#### #.#....
.#..##..................###.#....
.#...#.................<..#....).
###..#...........................
#..######.#######..............
#.........# #..............
#....###..# #..............


You could see 2 orc priests and an orc.

Vanquished Creatures
  An orc warrior (D:4)
  A giant frog skeleton (D:4)
  An orc priest (D:3)
  Terence (D:3)
  3 gnolls (D:4)
  4 adders
  2 oozes
  4 worms
  A giant gecko (D:3)
  6 orcs
  3 ball pythons
  2 giant cockroaches
  4 goblins
  9 hobgoblins
  4 jackals
  3 quokkas
  7 bats
  A giant cockroach zombie (D:3)
  4 giant newts
  7 kobolds
  8 rats
76 creatures vanquished.

Notes
Turn   | Place    | Note
--------------------------------------------------------------
     0 | D:1      | Reinor the Ghoul Monk began the quest for the Orb.
     0 | D:1      | Reached XP level 1. HP: 19/19 MP: 0/0
   208 | D:1      | Reached XP level 2. HP: 13/26 MP: 1/1
   289 | D:1      | Reached skill level 5 in Unarmed Combat
   833 | D:2      | Found a faded altar to an unknown god.
   836 | D:2      | Reached XP level 3. HP: 29/31 MP: 2/2
   991 | D:2      | HP: 1/31 [worm (9)]
  1208 | D:2      | Reached skill level 6 in Unarmed Combat
  1208 | D:2      | Reached XP level 4. HP: 34/38 MP: 3/3
  1941 | D:3      | Found a glowing silver altar of Zin.
  1942 | D:3      | Found a glowing golden altar of the Shining One.
  1943 | D:3      | Found a white marble altar of Elyvilon.
  2245 | D:3      | Noticed Terence
  2255 | D:3      | Killed Terence
  2255 | D:3      | Reached XP level 5. HP: 42/44 MP: 4/4
  2272 | D:3      | Found a burning altar of Makhleb.
  2272 | D:3      | Found a shadowy altar of Dithmenos.
  2273 | D:3      | Found a snail-covered altar of Cheibriados.
  2398 | D:3      | Found an ancient bone altar of Kikubaaqudgha.
  2415 | D:3      | Found an opulent altar of Gozag.
  2803 | D:4      | Reached XP level 6. HP: 35/51 MP: 5/5
  2835 | D:4      | Noticed an orc warrior
  2845 | D:4      | Reached skill level 5 in Dodging
  2860 | D:4      | Killed an orc warrior
  2861 | D:4      | Killed from afar by an orc priest

Vault maps used:
D:1:      dpeg_arrival_water_altar
D:2:      ecumenical_altar_2
D:3:      good_gods_temple_1, gammafunk_temple_overflow_claw,
          amethyst_overflow_temple_binary, uniq_terence
D:4:      feat_on_display

Action                   |  1- 3 |  4- 6 || total
-------------------------+-------+-------++-------
Melee: Unarmed           |    24 |       ||    24
       Short sword       |    74 |   158 ||   232
  Use: Scroll            |     6 |     4 ||    10
 Stab: Sleeping          |       |     1 ||     1
  Eat: Chunk             |    14 |    17 ||    31
